SAA
ATHLETIC CLUB KC ACADEMY @ LANCASTER FARMERS
05/07/2034
 
TOP OF THE 1ST
Athletic Club KC Academy batting - Pitching for Lancaster Farmers : LHP Peace Addo
Pitching: LHP Peace Addo
Batting: RHB David Lozano 0-0: Ball
1-0: Called Strike
1-1: Swinging Strike
1-2: Ball
2-2: Ball
3-2: Strikes out looking
Batting: RHB Gabriel Camparán 0-0: Ball
1-0: Ball
2-0: Called Strike
2-1: Foul Ball, location: 2F
2-2: Ball
3-2: Foul Ball, location: 2F
3-2: Foul Ball, location: 2F
3-2: Hit by Pitch
Batting: RHB John Ricks 0-0: Swinging Strike
0-1: Fly out, F8 (Line Drive, 8LM)
Batting: RHB Mario Truxillo 0-0: Ball
1-0: Ball
2-0: Ball
3-0: Called Strike
3-1: SINGLE (Groundball, 56D)
Gabriel Camparán to second
Batting: RHB Travis Murphy 0-0: Swinging Strike
0-1: Ball
1-1: SINGLE (Groundball, 34D)
Gabriel Camparán to third
Mario Truxillo to second
Runner from 3rd tries for Home, SAFE, no throw
Batting: RHB Wilton Banks 0-0: Called Strike
0-1: Foul Ball, location: 2F
0-2: Ball
1-2: Ball
2-2: SINGLE (Flyball, 89S)
Mario Truxillo to third
Travis Murphy to second
Runner from 3rd tries for Home, SAFE, no throw
Batting: RHB Jihan Tuah 0-0: SINGLE (Flyball, 89M)
Travis Murphy to third
Wilton Banks to second
Runner from 3rd tries for Home, SAFE, no throw
Batting: RHB Lester Wilson 0-0: Foul Ball, location: 2F
0-1: Fielders Choice at 2nd, 5-4 (Groundball, 5L)
Top of the 1st over - 3 runs, 4 hits, 0 errors, 2 left on base; Athletic Club KC Academy 3 - Lancaster 0
BOTTOM OF THE 1ST
Lancaster Farmers batting - Pitching for Athletic Club KC Academy : RHP Oliver Vázquez
Pitching: RHP Oliver Vázquez
Batting: LHB Ramón Padilla 0-0: Ball
1-0: Foul Ball, location: 2F
1-1: Ball
2-1: Ground out 3-1 (Groundball, 34)
Batting: RHB José Medina 0-0: SINGLE (Groundball, 56D)
Batting: SHB Ray Carey 0-0: Foul Ball, location: 2F
0-1: Called Strike
0-2: Ball
1-2: Ball
2-2: SINGLE (Line Drive, 4MD)
José Medina to second
Batting: RHB Domingo Altamiraño 0-0: SINGLE (Groundball, 6D)
José Medina to third
Ray Carey to second
Runner from 3rd tries for Home, SAFE, no throw
Batting: LHB Joe Davidson 0-0: Ball
1-0: Ball
2-0: Ball
3-0: Base on Balls
Ray Carey to third
Domingo Altamiraño to second
Batting: RHB Cisco Gómez 0-0: Grounds into fielders choice 2-2 (Groundball, 15S)
Domingo Altamiraño to third
Joe Davidson to second
Batting: RHB Min-tae Yi 0-0: Called Strike
0-1: Fielders Choice at 2nd, 6-4 (Groundball, 6)
Bottom of the 1st over - 1 run, 3 hits, 0 errors, 3 left on base; Athletic Club KC Academy 3 - Lancaster 1
TOP OF THE 2ND
Athletic Club KC Academy batting - Pitching for Lancaster Farmers : LHP Peace Addo
Batting: SHB Tomás Solorzano 0-0: Called Strike
0-1: Called Strike
0-2: Ball
1-2: Ball
2-2: Foul Ball, location: 2F
2-2: Ball
3-2: Fly out, F3 (Line Drive, 3S)
Batting: RHB David Lozano 0-0: Fly out, F8 (Flyball, 89D)
Batting: RHB Gabriel Camparán 0-0: Ball
1-0: Foul Ball, location: 2F
1-1: Fly out, F7 (Flyball, 78M)
Top of the 2nd over - 0 runs, 0 hits, 0 errors, 0 left on base; Athletic Club KC Academy 3 - Lancaster 1
BOTTOM OF THE 2ND
Lancaster Farmers batting - Pitching for Athletic Club KC Academy : RHP Oliver Vázquez
Batting: RHB Rusty Fox 0-0: Foul Ball, location: 2F
0-1: Swinging Strike
0-2: Ground out 4-3 (Groundball, 4)
Batting: RHB Jesús Herrera 0-0: Ground out 6-3 (Groundball, 6)
Batting: LHB Ramón Padilla 0-0: Ground out U3 (Groundball, 3)
Bottom of the 2nd over - 0 runs, 0 hits, 0 errors, 0 left on base; Athletic Club KC Academy 3 - Lancaster 1
TOP OF THE 3RD
Athletic Club KC Academy batting - Pitching for Lancaster Farmers : LHP Peace Addo
Batting: RHB John Ricks 0-0: Swinging Strike
0-1: Called Strike
0-2: Ball
1-2: Ball
2-2: Foul Ball, location: 2F
2-2: Ball
3-2: Fly out, F6 (Line Drive, 6)
Batting: RHB Mario Truxillo 0-0: Ball
1-0: Foul Ball, location: 2F
1-1: DOUBLE (Flyball, 78D)
Batting: RHB Travis Murphy 0-0: Ball
1-0: Foul Ball, location: 2F
1-1: Ground out 6-3 (Groundball, 6)
Mario Truxillo to third
Batting: RHB Wilton Banks 0-0: Ball
1-0: Foul Ball, location: 2F
1-1: Ball
2-1: Foul Ball, location: 2F
2-2: Ball
3-2: Strikes out swinging
Top of the 3rd over - 0 runs, 1 hit, 0 errors, 1 left on base; Athletic Club KC Academy 3 - Lancaster 1
BOTTOM OF THE 3RD
Lancaster Farmers batting - Pitching for Athletic Club KC Academy : RHP Oliver Vázquez
Batting: RHB José Medina 0-0: Ball
1-0: Ball
2-0: Fly out, F9 (Line Drive, 89M)
Batting: SHB Ray Carey 0-0: Ground out 4-3 (Groundball, 4)
Batting: RHB Domingo Altamiraño 0-0: Ball
1-0: Called Strike
1-1: SINGLE (Flyball, 5D)
Batting: LHB Joe Davidson 0-0: Called Strike
0-1: Called Strike
0-2: Ball
1-2: Foul Ball, location: 2F
1-2: Ground out 4-3 (Groundball, 4)
Bottom of the 3rd over - 0 runs, 1 hit, 0 errors, 1 left on base; Athletic Club KC Academy 3 - Lancaster 1
TOP OF THE 4TH
Athletic Club KC Academy batting - Pitching for Lancaster Farmers : LHP Peace Addo
Batting: RHB Jihan Tuah 0-0: Called Strike
0-1: Foul Ball, location: 2F
0-2: Ball
1-2: Ball
2-2: Foul Ball, location: 2F
2-2: Ball
3-2: Strikes out swinging
Batting: RHB Lester Wilson 0-0: SINGLE (Flyball, 89S)
Batting: SHB Tomás Solorzano 0-0: Ball
1-0: Foul Ball, location: 2F
1-1: Ball
2-1: Ball
3-1: Called Strike
3-2: Foul Ball, location: 2F
3-2: Foul Ball, location: 2F
3-2: Foul Ball, location: 2F
3-2: Foul Ball, location: 2F
3-2: Base on Balls
Lester Wilson to second
Batting: RHB David Lozano 0-0: Fielders Choice at 2nd, 6-4 (Groundball, 6)
Lester Wilson to third
Batting: RHB Gabriel Camparán 0-0: Ball
1-0: Called Strike
1-1: Ball
2-1: Swinging Strike
2-2: Foul Ball, location: 2F
2-2: Foul Ball, location: 2F
2-2: Ball
3-2: Base on Balls
David Lozano to second
Batting: RHB John Ricks 0-0: Ball
1-0: Fielders Choice at 2nd, 6-4 (Groundball, 6)
Top of the 4th over - 0 runs, 1 hit, 0 errors, 3 left on base; Athletic Club KC Academy 3 - Lancaster 1
BOTTOM OF THE 4TH
Lancaster Farmers batting - Pitching for Athletic Club KC Academy : RHP Oliver Vázquez
Batting: RHB Cisco Gómez 0-0: Called Strike
0-1: Ball
1-1: DOUBLE (Line Drive, 8LD)
Batting: RHB Min-tae Yi 0-0: Called Strike
0-1: Called Strike
0-2: Ball
1-2: Ground out 5-3 (Groundball, 56)
Batting: RHB Rusty Fox 0-0: Ground out 5-3 (Groundball, 56)
Batting: RHB Jesús Herrera 0-0: Ball
1-0: Reached on error, E6 (Line Drive, 6M)
Cisco Gómez to third
Batting: LHB Ramón Padilla 0-0: Ball
1-0: Swinging Strike
1-1: Foul Ball, location: 2F
1-2: Strikes out swinging
Bottom of the 4th over - 0 runs, 1 hit, 1 error, 2 left on base; Athletic Club KC Academy 3 - Lancaster 1
TOP OF THE 5TH
Athletic Club KC Academy batting - Pitching for Lancaster Farmers : LHP Peace Addo
Pitching: RHP Fidelio Zeri
Batting: RHB Mario Truxillo 0-0: SINGLE (Line Drive, 56D)
Batting: RHB Travis Murphy 0-0: Called Strike
0-1: Ball
1-1: Ball
2-1: Ball
3-1: Called Strike
3-2: Strikes out swinging
Mario Truxillo steals 2nd base
Batter strikes out.
Batting: RHB Wilton Banks 0-0: Foul Ball, location: 2F
0-1: Fly out, F7 (Flyball, 7LD)
Batting: RHB Jihan Tuah 0-0: Ball
1-0: SINGLE (Line Drive, 8RS)
Mario Truxillo to third
Runner from 3rd tries for Home, SAFE, throw made home
Batting: RHB Lester Wilson 0-0: Swinging Strike
0-1: SINGLE (Groundball, 56D)
Jihan Tuah to second
Batting: SHB Tomás Solorzano 0-0: DOUBLE (Line Drive, 89M)
Jihan Tuah scores
Lester Wilson to third
Runner from 3rd tries for Home, SAFE, no throw
Pitching: RHP Víctor Trujillo
Batting: RHB David Lozano 0-0: Ball
1-0: Called Strike
1-1: SINGLE (Line Drive, 89S)
Tomás Solorzano to third
Batting: RHB Gabriel Camparán 0-0: DOUBLE (Flyball, 8LD)
Tomás Solorzano scores
David Lozano to third
Runner from 3rd tries for Home, SAFE, no throw
Batting: RHB John Ricks 0-0: Ball
1-0: Foul Ball, location: 2F
1-1: Called Strike
1-2: Foul Ball, location: 2F
1-2: Foul Ball, location: 2F
1-2: Ball
2-2: Foul Ball, location: 2F
2-2: Ground out 1-3 (Groundball, 15S)
Top of the 5th over - 5 runs, 6 hits, 0 errors, 1 left on base; Athletic Club KC Academy 8 - Lancaster 1
BOTTOM OF THE 5TH
Lancaster Farmers batting - Pitching for Athletic Club KC Academy : RHP Oliver Vázquez
Batting: RHB José Medina 0-0: Ball
1-0: Ball
2-0: Foul Ball, location: 2F
2-1: Ball
3-1: Foul Ball, location: 2F
3-2: Ground out 5-3 (Groundball, 5)
Batting: SHB Ray Carey 0-0: Ball
1-0: Fly out, F8 (Flyball, 8RM)
Batting: RHB Domingo Altamiraño 0-0: Ball
1-0: Ball
2-0: Called Strike
2-1: Foul Ball, location: 2F
2-2: Ground out 1-3 (Groundball, 13S)
Bottom of the 5th over - 0 runs, 0 hits, 0 errors, 0 left on base; Athletic Club KC Academy 8 - Lancaster 1
TOP OF THE 6TH
Athletic Club KC Academy batting - Pitching for Lancaster Farmers : RHP Víctor Trujillo
Batting: RHB Mario Truxillo 0-0: Fly out, F7 (Flyball, 7)
Batting: RHB Travis Murphy 0-0: Called Strike
0-1: Foul Ball, location: 2F
0-2: Ball
1-2: Ball
2-2: SINGLE (Groundball, 34D)
Batting: RHB Wilton Banks 0-0: Ball
1-0: Called Strike
1-1: Ball
2-1: Ball
3-1: Called Strike
3-2: Base on Balls
Travis Murphy to second
Batting: RHB Jihan Tuah 0-0: Ball
1-0: Ball
2-0: Foul Ball, location: 2F
2-1: Ball
3-1: SINGLE (Groundball, 6D)
Travis Murphy to third
Wilton Banks to second
Batting: RHB Lester Wilson 0-0: Fielders Choice at 3rd, U5 (Groundball, 5L)
Travis Murphy scores
Jihan Tuah to second
Batting: SHB Tomás Solorzano 0-0: Ball
1-0: Ball
2-0: Ball
3-0: Called Strike
3-1: Foul Ball, location: 2F
3-2: Foul Ball, location: 2F
3-2: Foul Ball, location: 2F
3-2: Base on Balls
Jihan Tuah to third
Lester Wilson to second
Batting: RHB David Lozano 0-0: Foul Ball, location: 2F
0-1: Foul Ball, location: 2F
0-2: Ball
1-2: Ground out 4-3 (Groundball, 4M)
Top of the 6th over - 1 run, 2 hits, 0 errors, 3 left on base; Athletic Club KC Academy 9 - Lancaster 1
BOTTOM OF THE 6TH
Lancaster Farmers batting - Pitching for Athletic Club KC Academy : RHP Oliver Vázquez
Batting: LHB Joe Davidson 0-0: Ground out 4-3 (Groundball, 4S)
Batting: RHB Cisco Gómez 0-0: Ball
1-0: Ball
2-0: Fly out, F6 (Line Drive, 6M)
Batting: RHB Min-tae Yi 0-0: Called Strike
0-1: SINGLE (Flyball, 89S)
Batting: RHB Rusty Fox 0-0: Ball
1-0: Ground out 1-3 (Groundball, P)
Bottom of the 6th over - 0 runs, 1 hit, 0 errors, 1 left on base; Athletic Club KC Academy 9 - Lancaster 1
TOP OF THE 7TH
Athletic Club KC Academy batting - Pitching for Lancaster Farmers : RHP Víctor Trujillo
Batting: RHB Gabriel Camparán 0-0: Foul Ball, location: 2F
0-1: Ball
1-1: Foul Ball, location: 2F
1-2: Fly out, F3 (Line Drive, 34)
Batting: RHB John Ricks 0-0: Foul Ball, location: 2F
0-1: Foul Ball, location: 2F
0-2: Ball
1-2: SINGLE (Line Drive, 4MD)
Batting: RHB Mario Truxillo 0-0: Ball
1-0: Called Strike
1-1: Grounds into double play, 5-4-3 (Groundball, 5)
Top of the 7th over - 0 runs, 1 hit, 0 errors, 0 left on base; Athletic Club KC Academy 9 - Lancaster 1
BOTTOM OF THE 7TH
Lancaster Farmers batting - Pitching for Athletic Club KC Academy : RHP Oliver Vázquez
Batting: RHB Jesús Herrera 0-0: Ball
1-0: Foul Ball, location: 2F
1-1: Ball
2-1: Ground out 6-3 (Groundball, 6)
Batting: LHB Ramón Padilla 0-0: Ball
1-0: Foul Ball, location: 2F
1-1: Ball
2-1: Ball
3-1: Fly out, F7 (Flyball, 7S)
Batting: RHB José Medina 0-0: Ground out 5-3 (Groundball, 56S)
Bottom of the 7th over - 0 runs, 0 hits, 0 errors, 0 left on base; Athletic Club KC Academy 9 - Lancaster 1
TOP OF THE 8TH
Athletic Club KC Academy batting - Pitching for Lancaster Farmers : RHP Víctor Trujillo
Batting: RHB Travis Murphy 0-0: Called Strike
0-1: Called Strike
0-2: Ball
1-2: Ball
2-2: Strikes out looking
Batting: RHB Wilton Banks 0-0: Ball
1-0: Fly out, F9 (Flyball, 9S)
Batting: RHB Jihan Tuah 0-0: Ball
1-0: Called Strike
1-1: Ground out 6-3 (Groundball, 6D)
Top of the 8th over - 0 runs, 0 hits, 0 errors, 0 left on base; Athletic Club KC Academy 9 - Lancaster 1
BOTTOM OF THE 8TH
Lancaster Farmers batting - Pitching for Athletic Club KC Academy : RHP Oliver Vázquez
Batting: SHB Ray Carey 0-0: Ball
1-0: Ball
2-0: Called Strike
2-1: DOUBLE (Line Drive, 8LXD)
Batting: RHB Domingo Altamiraño 0-0: Ball
1-0: Ball
2-0: Foul Ball, location: 2F
2-1: DOUBLE (Flyball, 8LXD)
Ray Carey scores
Batting: LHB Joe Davidson 0-0: Foul Ball, location: 2F
0-1: Ground out 5-3 (Groundball, 5S)
Domingo Altamiraño to third
Pitching: LHP Augusto Martínez
Batting: RHB Cisco Gómez 0-0: Foul Ball, location: 2F
0-1: Ground out 6-3 (Groundball, 6)
Domingo Altamiraño scores
Batting: RHB Min-tae Yi 0-0: Ball
1-0: Ground out 6-3 (Groundball, 6)
Bottom of the 8th over - 2 runs, 2 hits, 0 errors, 0 left on base; Athletic Club KC Academy 9 - Lancaster 3
TOP OF THE 9TH
Athletic Club KC Academy batting - Pitching for Lancaster Farmers : RHP Víctor Trujillo
Batting: RHB Lester Wilson 0-0: Fly out, F9 (Line Drive, 9D)
Batting: SHB Tomás Solorzano 0-0: Ball
1-0: Called Strike
1-1: Ball
2-1: SINGLE (Groundball, 34D)
Pitching: RHP Jorge Morales
Batting: RHB David Lozano 0-0: Called Strike
0-1: TRIPLE (Line Drive, 9LD)
Tomás Solorzano scores
Batting: RHB Gabriel Camparán 0-0: Called Strike
0-1: Swinging Strike
0-2: Ball
1-2: Strikes out swinging
Batting: RHB John Ricks 0-0: Called Strike
0-1: Ball
1-1: Ball
2-1: Fly out, F9 (Flyball, 89S)
Top of the 9th over - 1 run, 2 hits, 0 errors, 1 left on base; Athletic Club KC Academy 10 - Lancaster 3
BOTTOM OF THE 9TH
Lancaster Farmers batting - Pitching for Athletic Club KC Academy : LHP Augusto Martínez
Batting: RHB Rusty Fox 0-0: Ground out 4-3 (Groundball, 4)
Batting: RHB Jesús Herrera 0-0: Ball
1-0: Foul Ball, location: 2F
1-1: Ball
2-1: Foul Ball, location: 2F
2-2: Strikes out swinging
Batting: LHB Ramón Padilla 0-0: Ball
1-0: Foul Ball, location: 2F
1-1: Foul Ball, location: 2F
1-2: Ball
2-2: SINGLE (Line Drive, 56)
Batting: RHB José Medina 0-0: Ball
1-0: Ball
2-0: Called Strike
2-1: Ball
3-1: Base on Balls
Ramón Padilla to second
Batting: SHB Ray Carey 0-0: Swinging Strike
0-1: Ball
1-1: Ball
2-1: Foul Ball, location: 2F
2-2: Strikes out swinging
Bottom of the 9th over - 0 runs, 1 hit, 0 errors, 2 left on base; Athletic Club KC Academy 10 - Lancaster 3
Friday, March 29th, 2019 - OOTP Baseball 18.8 Build 76